 Dungeon Crawl Stone Soup version 0.31.0-1-g2c135a008e (webtiles) character file.

Game seed: 8886826662068304787

331 qw the Shooter (level 6, -1/47 HPs)
             Began as a Djinni Hunter on Jan 23, 2024.
             Incinerated by a bombardier beetle (2 damage)
             ... with a burning spray
             ... on level 4 of the Dungeon.
             The game lasted 00:00:13 (2360 turns).

qw the Shooter (Djinni Hunter)                      Turns: 2360, Time: 00:00:14

Health: -1/47      AC:  7    Str: 10    XL:     6   Next: 82%
Gold:   214        EV: 11    Int: 10    God:
                   SH:  0    Dex: 19

rFire   + + .        a - +0 shortbow
rCold   . . .        (shield currently unavailable)
rNeg    + . .        c - +1 ring mail {Will+}
rPois   inf          (no helmet)
rElec   .            (no cloak)
rCorr   .            m - +0 pair of gloves
SInv    .            (boots unavailable)
Will    +....        (no amulet)
Stlth   +            i - ring of positive energy
HPRegen 0.27/turn    b - ring of protection from cold
MPRegen 0.00/turn

%: infuse magic (-2 HP)
@: on fire, flying, glowing
A: sickness immunity, fire resistance 2, cold vulnerability 1, float, innate
caster, HP casting, extra vitality 1
a: no special abilities


You were on level 4 of the Dungeon.
You visited 1 branch of the dungeon, and saw 4 of its levels.

You collected 214 gold pieces.


Innate Abilities, Weirdness & Mutations

You are immune to sickness and miasma.
You are immune to poison.
Your flesh is very heat resistant. (rF++)
You are vulnerable to cold. (rC-)
You float through the air rather than walking.
You learn spells naturally, not from books.
Your magical power is your life essence.
You have superior vitality. (+4 MHP)


   Skills:
 + Level 3.9 Fighting
 - Level 5.0 Ranged Weapons
 - Level 1.0 Armour
 - Level 3.4 Dodging
 - Level 0.7 Stealth


You knew the following spells:

 Your Spells              Type           Power      Damage    Failure   Level
a - Foxfire               Conj/Fire      0%         2x1d4     67%         1
b - Lesser Beckoning      Tloc           0%         N/A       82%         2
Your spell library was empty.

Inventory:

Hand Weapons
 a - a +0 shortbow (weapon)
Armour
 c - a +1 ring mail of willpower (worn)
 m - a +0 pair of gloves (worn)
Jewellery
 b - a ring of protection from cold (right hand)
 i - a ring of positive energy (left hand)
Scrolls
 e - a scroll of teleportation
Potions
 d - a potion of enlightenment
 j - a potion of haste {unknown}
 k - 2 potions of heal wounds
 l - a potion of might

Dungeon Overview and Level Annotations

Branches:
Dungeon (4/15)
 Temple: D:4-7

Altars:
Gozag
Trog

Shops:
D:3 (


Message History

The liquid fire burns you!
You are on fire!
The liquid fire burns you!
You are on fire!
The liquid fire burns you!
You are on fire!
The liquid fire burns you!
You are on fire!
The liquid fire burns you!
You are on fire!
The liquid fire burns you!
You are on fire!
The liquid fire burns you!
You are on fire!
The liquid fire burns you!
You are on fire!
The liquid fire burns you!
You are on fire!
The liquid fire burns you!
You are on fire!
The liquid fire burns you!
You are on fire!
The liquid fire burns you!
You are on fire!
The liquid fire burns you!
You are on fire!
The liquid fire burns you!
You are on fire!
The liquid fire burns you!
You are on fire!
The liquid fire burns you!
You are on fire!
The liquid fire burns you!
You are on fire!
The liquid fire burns you!
You are on fire!
The liquid fire burns you!
You are on fire!
The liquid fire burns you!
You die...

.....######
...[...%.<########
..)...............
...............###
.>.........#..##
.....(.:.####.#
..####...# .#
##.## # #@#
......%........
...............
.~...~.~~~~.~~~
~~~~~~~~~~~~~~~
~~~~~~~~~~~~~~~
~~~~#####~~~~~~
#### ~~~~~~


There were no monsters in sight!

Vanquished Creatures
  A howler monkey (D:3)
  A bombardier beetle (D:4)
  A hound (D:3)
  An orc priest (D:3)
  An orc wizard (D:3)
  4 gnolls (D:3)
  5 adders
  3 dart slugs
  2 ribbon worms (D:2)
  3 orcs
  3 bats
  4 endoplasms
  4 giant cockroaches (D:1)
  5 goblins
  6 hobgoblins
  4 jackals (D:3)
  8 kobolds
  6 quokkas
  10 ball pythons
  2 frilled lizards
  2 rats (D:1)
76 creatures vanquished.

Notes
Turn   | Place    | Note
-------+----------+-------------------------------------------
     0 | D:1      | qw the Djinni Hunter began the quest for the Orb.
     0 | D:1      | Reached XP level 1. HP: 18/18 MP: 0/0
     0 | D:1      | 0 ||| qw: Version: 0.3-a-136-gdd3b4e8
     0 | D:1      | 0 ||| qw: Game counter: 1110
     0 | D:1      | 0 ||| qw: Melee chars always use a shield: true
     0 | D:1      | 0 ||| qw: God list: Okawaru
     0 | D:1      | 0 ||| qw: Allow faded altars: false
     0 | D:1      | 0 ||| qw: Do Orc after clearing Dungeon:15 true
     0 | D:1      | 0 ||| qw: Do second Lair branch before Depths: true
     0 | D:1      | 0 ||| qw: Lair rune preference: random
     0 | D:1      | 0 ||| qw: Goals: Normal
     0 | D:1      | 0 ||| PLANNING D:1-11
    93 | D:1      | Reached XP level 2. HP: 23/23 MP: 0/0
   216 | D:1      | Reached skill level 4 in Ranged Weapons
   216 | D:1      | Reached XP level 3. HP: 28/28 MP: 0/0
   216 | D:1      | Learned a level 1 spell: Foxfire
   551 | D:1      | 551 ||| UPGRADING to ring of positive energy.
   552 | D:1      | 552 ||| READING 2 scrolls labelled VASHRE KEGUE.
   556 | D:1      | 556 ||| READING scroll labelled CITZALAESA.
   557 | D:1      | 557 ||| DRINKING 2 orange potions.
   558 | D:1      | 558 ||| DROPPING scroll of butterflies.
   679 | D:2      | Reached XP level 4. HP: 27/34 MP: 0/0
   711 | D:2      | Reached skill level 3 in Fighting
  1238 | D:2      | 1238 ||| UPGRADING to +0 ring mail.
  1248 | D:2      | 1248 ||| DROPPING +0 leather armour.
  1249 | D:2      | 1249 ||| UPGRADING to +0 pair of gloves.
  1254 | D:2      | 1254 ||| READING scroll labelled TEKATAMNEPH.
  1254 | D:2      | 1254 ||| IDENTIFYING black potion
  1255 | D:2      | 1255 ||| DRINKING 3 brown potions.
  1256 | D:2      | 1256 ||| DRINKING 2 sapphire potions.
  1257 | D:2      | 1257 ||| DROPPING potion of magic.
  1282 | D:3      | 1282 ||| STAIRDANCE
  1314 | D:3      | 1314 ||| STAIRDANCE
  1320 | D:3      | 1320 ||| STAIRDANCE
  1406 | D:3      | Found an opulent altar of Gozag.
  1410 | D:3      | Reached skill level 1 in Armour
  1466 | D:3      | Found a bloodstained altar of Trog.
  1548 | D:3      | Found Xiryux's Antique Weapon Emporium.
  1569 | D:3      | Identified the +0 robe of the Baku {Int+4}
  1673 | D:3      | Reached XP level 5. HP: 37/40 MP: 0/0
  1673 | D:3      | Learned a level 2 spell: Lesser Beckoning
  1811 | D:3      | 1811 ||| DROPPING +0 robe of the Baku {Int+4}.
  1913 | D:3      | 1913 ||| UPGRADING to ring of protection from cold.
  1914 | D:3      | 1914 ||| READING scroll of identify.
  1914 | D:3      | 1914 ||| IDENTIFYING bubbling coppery potion
  1915 | D:3      | 1915 ||| DRINKING 2 ruby potions.
  1916 | D:3      | 1916 ||| DROPPING potion of lignification.
  1943 | D:4      | 1943 ||| STAIRDANCE
  1950 | D:3      | Reached skill level 5 in Ranged Weapons
  1950 | D:3      | Reached XP level 6. HP: 46/46 MP: 0/0
  1952 | D:4      | 1952 ||| STAIRDANCE
  2077 | D:4      | 2077 ||| STAIRDANCE
  2099 | D:4      | 2099 ||| STAIRDANCE
  2111 | D:3      | Reached skill level 3 in Dodging
  2158 | D:4      | 2158 ||| STAIRDANCE
  2184 | D:3      | 2184 ||| DRINKING potion of curing.
  2184 | D:3      | 2184 ||| (to cure confusion)
  2257 | D:3      | 2257 ||| UPGRADING to +1 ring mail of willpower.
  2267 | D:3      | 2267 ||| DROPPING +0 ring mail.
  2343 | D:4      | HP: 11/47 [burnt (2)]
  2348 | D:4      | HP: 8/47 [burnt (1)]
  2353 | D:4      | HP: 4/47 [burnt (1)]
  2358 | D:4      | HP: 2/47 [burnt (1)]
  2360 | D:4      | Incinerated by a bombardier beetle

Levels and vault maps discovered:
D:1:      minmay_arrival_open_corners, layout_rooms, minmay_misc_feat_doors
D:2:      layout_loops_ring
D:3:      layout_rooms, trog_book,
          nicolae_gozag_cash_rules_everything_around_me, serial_shops, shop,
          nicolae_kite_square_tiling_tiny
D:4:      minmay_goblin_kobold_castle, layout_layer_cave,
          mainiacjoe_overflow_boulevard, nicolae_dithmenos_shadow_blocks

Skill      XL: |  1  2  3  4  5  6 |
---------------+-------------------+-----
Ranged Weapons | 4 5 |  5.0
Fighting       | 3 |  3.9
Armour         | 1 |  1.0
Dodging        | 3 |  3.4
Stealth        | |  0.7

Action                     |  1- 3 |  4- 6 || total
---------------------------+-------+-------++-------
   Fire: Shortbow          |    79 |   201 ||   280
    Use: Scroll            |     2 |     2 ||     4
         Potion            |     1 |     4 ||     5
 Armour: Leather armour    |     9 |     2 ||    11
         Ring mail         |       |   106 ||   106
  Dodge: Dodged            |    13 |    85 ||    98

Table legend:
 A = Non-vault XP
 B = Vault XP
 C = Vault XP percentage of total XP
 D = Non-vault monster count
 E = Vault monster count
 F = Vault count percentage of total count
                 A         B        C        D         E       F
            +---------+---------+-------+---------+---------+-------
      Total |     472 |       2 |   0.4 |      74 |       2 |   2.6
            +---------+---------+-------+---------+---------+-------
        D:1 |      43 |       0 |   0.0 |      23 |       0 |   0.0
        D:2 |      52 |       0 |   0.0 |      19 |       0 |   0.0
        D:3 |     321 |       0 |   0.0 |      27 |       0 |   0.0
        D:4 |      56 |       2 |   3.4 |       5 |       2 |  28.6
            +---------+---------+-------+---------+---------+-------
